 Dungeon Crawl Stone Soup version 0.21.1-1-g345015f (webtiles) character file.

67830 Supreme the Earth Mage (level 15, -12/84 HPs)
             Began as a Gargoyle Earth Elementalist on Apr 14, 2018.
             Was a High Priest of Vehumet.
             Killed from afar by a hellion (27 damage)
             ... with damnation
             ... on level 2 of the Abyss on Apr 15, 2018.
             The game lasted 06:20:14 (22059 turns).

Supreme the Earth Mage (GrEE)                      Turns: 22059, Time: 06:20:15

Health: -12/84     AC: 37    Str: 13    XL:     15   Next: 24%
Magic:  17/41      EV:  7    Int: 21    God:    Vehumet [*****.]
Gold:   202        SH:  7    Dex: 10    Spells: 13/40 levels left

rFire    . . .     SeeInvis .   x - staff of conjuration
rCold    . . .     Gourm    .   s - +3 buckler
rNeg     + + .     Faith    .   Q - +11 chain mail of the Eight Seas {*Corrode rN+ MR+}
rPois    ∞         Spirit   .   z - +2 hat
rElec    +         Reflect  .   u - +0 cloak
rCorr    .         Harm     .   f - +0 pair of gloves
MR       ++...                  A - +0 pair of boots
Stlth    ..........             (no amulet)
HPRegen  0.24/turn              n - ring of magical power
MPRegen  0.27/turn              E - ring of wizardry

@: flying
A: big wings, negative energy resistance 1, electricity resistance, unbreathing,
petrification resistance, rot immunity, AC +11
a: Stop Flying, Renounce Religion


You were on level 2 of the Abyss.
You worshipped Vehumet.
Vehumet was extremely pleased with you.
You were not hungry.

You visited 4 branches of the dungeon, and saw 24 of its levels.
You visited the Abyss 1 time.

You collected 1308 gold pieces.
You spent 1106 gold pieces at shops.

Inventory:

Hand Weapons
 h - a +3 morningstar of holy wrath
 N - a +7 whip of electrocution
Missiles
 L - 105 stones (quivered)
Armour
 f - a +0 pair of gloves (worn)
 s - a +3 buckler (worn)
 u - a +0 cloak (worn)
 w - +0 swamp dragon scales
 z - a +2 hat (worn)
 A - a +0 pair of boots (worn)
 Q - the +11 chain mail of the Eight Seas (worn) {*Corrode rN+ MR+}
   (You bought it in a shop on level 14 of the Dungeon)

   It protects you from negative energy.
   It affects your resistance to hostile enchantments.
   It may corrode you when you take damage.
Magical Staves
 x - an uncursed staff of conjuration (weapon)
Jewellery
 b - a +2 ring of evasion
 n - a ring of magical power (left hand)
 E - a ring of wizardry (right hand)
Wands
 e - a wand of random effects (87)
 k - a wand of iceblast (6)
 o - a wand of flame (11)
 B - a wand of disintegration (16)
 C - a wand of clouds (12)
 D - a wand of enslavement (27)
 G - a wand of polymorph (13)
 W - a wand of acid (9)
Scrolls
 c - a scroll of summoning
 p - 4 scrolls of teleportation
 q - a scroll of brand weapon {unknown}
 t - 4 scrolls of remove curse
 y - 7 scrolls of magic mapping
 I - 8 scrolls of immolation
 R - 4 scrolls of fear
 U - 2 scrolls of fog
 Z - a scroll of blinking
Potions
 a - 11 potions of curing
 i - a potion of berserk rage
 j - 4 potions of agility
 l - 6 potions of lignification
 m - 3 potions of might
 r - 2 potions of invisibility
 J - a potion of resistance
 T - 3 potions of heal wounds
 X - a potion of brilliance
Miscellaneous
 g - a sack of spiders
Comestibles
 d - 30 rations


   Skills:
 + Level 5.9 Fighting
 - Level 12.0 Maces & Flails
 + Level 5.5 Armour
 + Level 5.4 Dodging
 + Level 4.9 Stealth
 * Level 3.8 Shields
 + Level 13.3 Spellcasting
 + Level 7.1 Conjurations
 + Level 1.7 Transmutations
 + Level 2.1 Fire Magic
 + Level 15.6 Earth Magic


You had 13 spell levels left.
You knew the following spells:

 Your Spells              Type           Power        Failure   Level  Hunger
a - Sandblast             Erth           ######       1%          1    None
b - Passwall              Tmut/Erth      ######....   1%          2    None
c - Stone Arrow           Conj/Erth      ######       1%          3    None
d - Lee's Rapid Deconstr  Erth           ######....   1%          5    ###....
e - Conjure Flame         Conj/Fire      ######..     6%          3    None
f - Sticky Flame          Conj/Fire      ######..     17%         4    None
g - Iskenderun's Mystic   Conj           ######..     7%          4    None
h - Fireball              Conj/Fire      ######....   41%         5    ###....


Dungeon Overview and Level Annotations

Branches:
Dungeon (14/15)            Temple (1/1) D:6            Lair (6/6) D:10
  Swamp (3/4) Lair:3       Spider (0/4) Lair:2          Orc (0/2) D:9
 Vaults (0/5) D:14
  Slime: Lair:5-6

Altars:
Ashenzari
Cheibriados
Elyvilon
Fedhas
Gozag
Makhleb
Nemelex Xobeh
Okawaru
Qazlal
Ru
Uskayaw
Vehumet
Xom
Beogh

Shops:
D:4 *   D:13 [   D:14 }[

Annotations:
D:8 Terandir's ghost, novice MiFi
D:13 exclusion: 2 downstairs
D:14 Mesmaeker13's ghost, journeyman DEIE
Swamp:3 Bai Suzhen; Louise


Innate Abilities, Weirdness & Mutations

You are resistant to torment.
Your stone body is resilient. (AC +11)
You are immune to poison.
Your large and strong wings let you fly indefinitely.
You resist negative energy. (rN+)
You are resistant to electric shocks. (rElec)
You can survive without breathing.
You are immune to petrification.
You are immune to rotting.


Message History

Aiming: Stone Arrow
Press: ? - help, Shift-Dir - straight line, f - large abomination
Aim: a large abomination (flame, heavily damaged)
You feel a surge of power!
The stone arrow hits the large abomination.
The large abomination is almost destroyed.
The large abomination is engulfed in blazing flames.
You destroy the large abomination!
Vehumet accepts your kill.
Press: ? - help, v - describe, . - travel
Here: a hellion The floor.
The hellion gestures at you.
The sphere of damnation explodes!
The damnation engulfs you!
* * * LOW HITPOINT WARNING * * *
You hear a roar! x2
Unknown command.
The hellion gestures at you.
The sphere of damnation explodes!
The damnation engulfs you!
You die...

. ...#.#. ....# .
#.....♣♣♣ ♣....#(#
#.#....♣≈.♣ ♣....#..#
.........≈♣♣♣.....#.
....≈≈..............#
#........#........#
.........#.......##
.. ≈...2..(.......#
.###.#...##.##@##...#
# ..#.##.##.##....
#2................#
..._..........##.....
..### .......# ≈...
..#..#........ ...
...#.####.##.##$ .# .
.#. ##...# # . # .#..


You could see a hellion.

Vanquished Creatures
  A thorn hunter (Swamp:3)
  A dire elephant (Lair:5)
  Fannar (D:11)
  Harold (Lair:3)
  7 hydras
  2 ghost crabs
  A catoblepas (Lair:6)
  4 two-headed ogres
  A dancing weapon (D:13)
  2 alligators (Swamp:1)
  A death knight (D:12)
  2 unseen horrors
  A spriggan druid (Swamp:3)
  2 swamp dragons
  Pikel (D:4)
  A shambling mangrove (Swamp:1)
  A manticore (D:11)
  4 ugly things
  An oklob plant (D:10)
  A cyclops (D:12)
  20 elephants
  3 black mambas
  20 spiny frogs
  5 centaur skeletons
  An ice statue (D:11)
  2 gargoyles (D:12)
  6 komodo dragons
  2 rime drakes (Lair:5)
  An efreet (D:14)
  A freezing wraith (D:14)
  4 hornets
  5 trolls
  A tyrant leech (Swamp:2)
  2 bog bodies
  4 polar bears (Lair:4)
  12 blink frogs
  A large abomination (Abyss:2)
  3 dream sheep (Lair:6)
  Prince Ribbit (D:6)
  8 hippogriffs
  3 spriggans
  2 shadows
  A wraith (D:14)
  19 yaks
  4 wyverns
  2 basilisks
  9 vampire mosquitoes
  Edmund (D:5)
  7 swamp worms
  8 water moccasins
  An ice beast (D:14)
  3 porcupines
  7 orc warriors
  4 sky beasts
  2 black bears
  2 phantoms
  11 swamp drakes
  2 eyes of draining
  9 ogres
  13 wolves
  13 centaurs
  13 crocodiles
  Blork the orc (D:6)
  2 big kobolds
  15 bullfrogs
  4 jellies
  2 scorpions
  24 killer bees
  15 wights
  A howler monkey (D:12)
  9 crimson imps
  6 centaur zombies
  11 orc priests
  11 orc wizards
  7 hounds
  3 bullfrog skeletons
  Ijyb (D:3)
  Natasha (thrice) (D:4)
  13 worker ants
  4 iguanas
  10 adders
  A howler monkey skeleton (D:4)
  4 shadow imps
  An adder skeleton (D:6)
  2 worms (D:3)
  3 dart slugs
  5 leopard geckos
  36 orcs
  2 ball pythons
  6 bats
  6 giant cockroaches
  6 goblins
  10 hobgoblins
  22 jackals
  13 kobolds
  6 quokkas
  5 frilled lizards
  A leopard gecko skeleton (D:6)
  9 rats
  2 fungi
  2 plants (D:10)
558 creatures vanquished.

Vanquished Creatures (others)
  A swamp dragon (Swamp:2)
  A swamp worm (Swamp:2)
  61 fungi
  47 plants
110 creatures vanquished.

Grand Total: 668 creatures vanquished

Notes
Turn   | Place    | Note
-------+----------+-------------------------------------------
     0 | D:1      | Supreme the Gargoyle Earth Elementalist began the quest for the Orb.
     0 | D:1      | Reached XP level 1. HP: 10/10 MP: 3/3
    98 | D:1      | Reached skill level 4 in Earth Magic
   125 | D:1      | Reached XP level 2. HP: 15/15 MP: 3/5
   129 | D:1      | Learned a level 2 spell: Passwall
   602 | D:1      | Reached XP level 3. HP: 8/19 MP: 4/6
   607 | D:1      | Learned a level 3 spell: Stone Arrow
  1244 | D:2      | Found a shattered altar of Ashenzari.
  1318 | D:2      | Reached XP level 4. HP: 24/24 MP: 2/7
  1325 | D:2      | Reached skill level 5 in Earth Magic
  1706 | D:3      | Reached skill level 1 in Maces & Flails
  2154 | D:3      | Reached skill level 1 in Fighting
  2244 | D:3      | Noticed Ijyb
  2366 | D:3      | Killed Ijyb
  2366 | D:3      | Reached XP level 5. HP: 27/29 MP: 2/8
  2563 | D:4      | Noticed Pikel
  2563 | D:4      | Noticed a slave
  2572 | D:4      | Noticed a slave
  2693 | D:4      | Reached skill level 6 in Earth Magic
  2725 | D:4      | Reached XP level 6. HP: 28/34 MP: 10/10
  2854 | D:4      | Noticed Natasha
  2862 | D:4      | Killed Natasha
  2880 | D:4      | Noticed a slave
  2909 | D:4      | Found Saoczuhif's Assorted Antiques.
  2930 | D:4      | Killed Pikel
  2930 | D:4      | Reached skill level 8 in Earth Magic
  2930 | D:4      | Reached XP level 7. HP: 26/38 MP: 3/13
  3085 | D:4      | Found a blossoming altar of Fedhas.
  3106 | D:4      | Noticed Natasha
  3112 | D:4      | Killed Natasha
  3229 | D:4      | Noticed Natasha
  3235 | D:4      | Killed Natasha
  3512 | D:5      | Entered Level 5 of the Dungeon
  3580 | D:5      | Reached XP level 8. HP: 43/43 MP: 14/14
  3744 | D:5      | Found a stormy altar of Qazlal.
  3929 | D:5      | Reached skill level 1 in Transmutations
  3941 | D:5      | Learned a level 5 spell: Lee's Rapid Deconstruction
  4170 | D:5      | Noticed Edmund
  4442 | D:6      | Reached skill level 1 in Armour
  4445 | D:6      | You fall through a shaft!
  4544 | D:6      | Reached skill level 5 in Spellcasting
  4950 | D:5      | Killed Edmund
  4950 | D:5      | Reached XP level 9. HP: 38/48 MP: 14/17
  5111 | D:6      | Reached skill level 9 in Earth Magic
  5221 | D:6      | Noticed Prince Ribbit
  5239 | D:6      | Killed Prince Ribbit
  5271 | D:6      | Noticed Blork the orc
  5282 | D:6      | Killed Blork the orc
  5373 | D:6      | Found a staircase to the Ecumenical Temple.
  5383 | Temple   | Entered the Ecumenical Temple
  5437 | Temple   | Became a worshipper of Vehumet
  5988 | D:7      | Found a snail-covered altar of Cheibriados.
  6454 | D:8      | Reached skill level 10 in Earth Magic
  6494 | D:8      | Found a white marble altar of Elyvilon.
  6630 | D:8      | Found a stormy altar of Qazlal.
  6643 | D:8      | Found an iron altar of Okawaru.
  6643 | D:8      | Found a sacrificial altar of Ru.
  6706 | D:8      | Reached skill level 5 in Maces & Flails
  6911 | D:8      | Reached XP level 10. HP: 48/55 MP: 13/20
  6922 | D:8      | Noticed Terandir's ghost (novice MiFi)
  7175 | D:8      | Reached skill level 1 in Conjurations
  7348 | D:8      | Found a blossoming altar of Fedhas.
  7349 | D:8      | Found a burning altar of Makhleb.
  7521 | D:9      | Reached * piety under Vehumet
  7521 | D:9      | Offered knowledge of Flame Tongue by Vehumet.
  7797 | D:9      | Reached skill level 11 in Earth Magic
  7901 | D:9      | Found a shattered altar of Ashenzari.
  8038 | D:9      | Found a staircase to the Orcish Mines.
  8071 | D:9      | Found a roughly hewn altar of Beogh.
  8357 | D:9      | Reached ** piety under Vehumet
  8357 | D:9      | Offered knowledge of Sting by Vehumet.
  8370 | D:10     | Entered Level 10 of the Dungeon
  8782 | D:10     | Noticed a two-headed ogre
  8833 | D:10     | Noticed an oklob plant
  8858 | D:10     | Found a staircase to the Lair.
  8933 | D:10     | Noticed a two-headed ogre
  9001 | D:10     | Killed a two-headed ogre
  9001 | D:10     | Reached XP level 11. HP: 60/60 MP: 5/23
  9122 | D:10     | Killed an unseen horror
  9215 | D:11     | Found Goschirr's Magic Scroll Shop.
  9263 | D:11     | Noticed a manticore
  9331 | D:11     | Offered knowledge of Searing Ray by Vehumet.
  9357 | D:11     | Killed a manticore
  9416 | D:11     | Noticed a red ugly thing
  9517 | Lair:1   | Entered Level 1 of the Lair of Beasts
  9609 | Lair:1   | Noticed a four-headed hydra
  9948 | Lair:1   | Learned a level 3 spell: Conjure Flame
  9953 | Lair:1   | Learned a level 4 spell: Sticky Flame
  9962 | Lair:1   | Reached *** piety under Vehumet
 10108 | Lair:1   | Reached skill level 12 in Earth Magic
 10700 | Lair:2   | Offered knowledge of Airstrike by Vehumet.
 11009 | Lair:2   | Found a hole to the Spider Nest.
 11066 | Lair:2   | Got a bloodstained war axe
 11276 | Lair:2   | Identified the +4 war axe of Burifuell {flame, rElec rPois rN+++ MR-} (You found it on level 2 of the Lair of Beasts)
 11827 | Lair:3   | Reached XP level 12. HP: 38/68 MP: 9/25
 12113 | Lair:3   | Found a staircase to the Swamp.
 12132 | Lair:3   | Noticed Harold
 12449 | Lair:3   | Killed Harold
 12500 | Lair:4   | Noticed a seven-headed hydra
 12829 | Lair:4   | Reached skill level 5 in Fighting
 12869 | Lair:4   | Killed a seven-headed hydra
 12869 | Lair:4   | Reached skill level 10 in Spellcasting
 12880 | Lair:4   | Reached skill level 13 in Earth Magic
 13398 | Lair:4   | Reached skill level 10 in Maces & Flails
 13537 | Lair:5   | Reached skill level 1 in Shields
 13555 | Lair:5   | Reached **** piety under Vehumet
 13740 | Lair:5   | Noticed a five-headed hydra
 13764 | Lair:5   | Killed a five-headed hydra
 13782 | Lair:5   | Reached XP level 13. HP: 72/72 MP: 18/27
 13893 | Lair:5   | Offered knowledge of Ignite Poison by Vehumet.
 13912 | Lair:5   | Noticed a dire elephant
 14540 | Lair:5   | Killed a dire elephant
 14609 | Lair:5   | Reached skill level 5 in Dodging
 14609 | Lair:5   | Reached skill level 1 in Fire Magic
 14817 | Lair:6   | Entered Level 6 of the Lair of Beasts
 14898 | Lair:6   | Reached skill level 14 in Earth Magic
 15153 | Lair:6   | Reached ***** piety under Vehumet
 15257 | Lair:5   | Offered knowledge of Iskenderun's Mystic Blast by Vehumet.
 15263 | Lair:5   | Learned a level 4 spell: Iskenderun's Mystic Blast
 15541 | D:11     | Gained mutation: Your large and strong wings let you fly indefinitely. [Gargoyle growth]
 15541 | D:11     | Reached XP level 14. HP: 42/78 MP: 7/30
 15734 | D:11     | Noticed Fannar
 15782 | D:11     | Killed Fannar
 16627 | D:12     | Reached skill level 5 in Conjurations
 16627 | D:12     | Reached skill level 15 in Earth Magic
 17238 | D:13     | Offered knowledge of Freezing Cloud by Vehumet.
 17749 | D:13     | Found Icelixt's Antique Armour Boutique.
 17828 | D:13     | Bought a runed ring mail for 154 gold pieces
 17828 | D:13     | Bought a heavily runed ring mail for 198 gold pieces
 17828 | D:13     | Bought a jet-encrusted scale mail for 198 gold pieces
 17828 | D:13     | Bought a runed robe for 81 gold pieces
 17866 | D:13     | Identified the +2 ring mail of Generosity {rC+} (You bought it in a shop on level 13 of the Dungeon)
 17876 | D:13     | Identified the +5 scale mail of Kapa {rC- rCorr Str-2 Stlth+} (You bought it in a shop on level 13 of the Dungeon)
 18098 | D:13     | Learned a level 5 spell: Fireball
 18504 | D:14     | Noticed Mesmaeker13's ghost (journeyman DEIE)
 18615 | D:14     | Found a sparkling altar of Nemelex Xobeh.
 18695 | D:14     | Found Fefadase's Gadget Shoppe.
 18982 | D:14     | Found a gate to the Vaults.
 19024 | D:14     | Found Ruda's Antique Armour Boutique.
 19034 | D:14     | Bought an embroidered robe for 133 gold pieces
 19034 | D:14     | Bought a smoking chain mail for 342 gold pieces
 19056 | D:14     | Identified the +11 chain mail of the Eight Seas {*Corrode rN+ MR+} (You bought it in a shop on level 14 of the Dungeon)
 19324 | D:14     | Noticed a red very ugly thing
 19624 | Swamp:1  | Entered Level 1 of the Swamp
 20594 | Swamp:1  | Reached skill level 5 in Armour
 21307 | Swamp:2  | Reached XP level 15. HP: 54/84 MP: 25/32
 21846 | Swamp:3  | Noticed Bai Suzhen
 21861 | Swamp:3  | Noticed a thorn hunter
 21964 | Swamp:3  | Killed a thorn hunter
 21995 | Swamp:3  | Noticed Louise
 22021 | Swamp:3  | Cast into level 2 of the Abyss (Louise)
 22026 | Abyss:2  | Found a hide-covered altar of Uskayaw.
 22059 | Abyss:2  | Killed from afar by a hellion

Skill      XL: |  1  2  3  4  5  6  7  8  9 10 11 12 13 14 15 |
---------------+----------------------------------------------+-----
Earth Magic    | 4 5 6 8 10 11 12 13 14 15 | 15.6
Dodging        | 2 3 4 5 |  5.4
Maces & Flails | 1 4 5 7 8 10 12 | 12.0
Fighting       | 1 2 3 4 5 |  5.9
Spellcasting   | 4 5 7 8 9 10 12 13 | 13.3
Transmutations | 1 |  1.7
Armour         | 2 3 4 5 |  5.5
Stealth        | 3 4 |  4.9
Conjurations   | 2 3 4 6 7 |  7.1
Shields        | 1 2 3 |  3.8
Fire Magic     | 1 2 |  2.1

Action                   |  1- 3 |  4- 6 |  7- 9 | 10-12 | 13-15 || total
-------------------------+-------+-------+-------+-------+-------++-------
Melee: Club              |    64 |       |       |       |       ||    64
       Mace              |    23 |    63 |       |       |       ||    86
       Whip              |     4 |       |   188 |   422 |   272 ||   886
       Spear             |       |    93 |    53 |       |       ||   146
       Unarmed           |       |     4 |       |       |       ||     4
       Morningstar       |       |       |       |       |    29 ||    29
       Staff             |       |       |       |       |     6 ||     6
Throw: Throwing net      |       |       |       |     4 |       ||     4
 Cast: Sandblast         |    22 |    41 |    43 |   142 |   205 ||   453
       Passwall          |       |     3 |     9 |    12 |     2 ||    26
       Stone Arrow       |       |     1 |    13 |    84 |   301 ||   399
       Lee's Rapid Decon |       |       |    10 |    24 |    22 ||    56
       Conjure Flame     |       |       |       |    11 |    22 ||    33
       Sticky Flame      |       |       |       |     2 |    17 ||    19
       Iskenderun's Myst |       |       |       |       |    14 ||    14
       Fireball          |       |       |       |       |     1 ||     1
 Abil: Fly               |       |       |       |       |     1 ||     1
Evoke: Wand              |       |       |       |     7 |    23 ||    30
  Use: Scroll            |       |       |    13 |    19 |    24 ||    56
       Potion            |       |       |       |     5 |     9 ||    14
 Stab: Sleeping          |     2 |     2 |     9 |    10 |     2 ||    25
       Confused          |       |       |       |       |     2 ||     2
  Eat: Chunk             |     2 |     6 |    17 |    21 |    23 ||    69
       Ration            |       |       |       |     2 |     2 ||     4
Armor: Robe              |    19 |       |       |       |       ||    19
       Ring mail         |    16 |    78 |    21 |       |       ||   115
       Skin              |       |     1 |       |    17 |       ||    18
       Leather armour    |       |       |    86 |   219 |   136 ||   441
       Chain mail        |       |       |       |       |   186 ||   186
       Scale mail        |       |       |       |       |    30 ||    30
       Plate armour      |       |       |       |       |     9 ||     9
Dodge: Dodged            |    77 |   101 |   121 |   244 |   254 ||   797
Block: Buckler           |       |       |    16 |    36 |   101 ||   153
